 Dungeon Crawl Stone Soup version 0.27-a0-1347-gd8886f0a89 (webtiles) character file.

Game seed: 5408045699120716346

1299 ipx the Firebug (level 8, -14/41 HPs)
             Began as a Deep Elf Fire Elementalist on June 28, 2021.
             Was a Follower of Sif Muna.
             Demolished by a cyclops (29 damage)
             ... on level 7 of the Dungeon.
             The game lasted 00:34:36 (2287 turns).

ipx the Firebug (Deep Elf Fire Elementalist)        Turns: 2287, Time: 00:34:36

Health: -14/41     AC:  4    Str:  5    XL:     8   Next: 31%
Magic:  4/14       EV: 14    Int: 25    God:    Sif Muna [*.....]
Gold:   239        SH:  0    Dex: 15    Spells: 5/13 levels left

rFire    . . .     SeeInvis .   r - +6 trident "Suzib" {pain, *Rage rC+ rCorr Int+2}
rCold    + . .     Faith    .   (no shield)
rNeg     . . .     Spirit   .   a - +0 robe
rPois    .         Reflect  .   (no helmet)
rElec    .         Harm     .   u - +0 cloak
rCorr    +         Rampage  .   (no gloves)
Will     .....     Rnd*Rage +   f - +0 pair of boots
Stlth    ++........             A - amulet of the acrobat
HPRegen  0.13/turn              (no ring)
MPRegen  0.14/turn              (no ring)

@: no status effects
A: no striking features
a: Renounce Religion, Channel Magic


You were on level 7 of the Dungeon.
You worshipped Sif Muna.
Sif Muna was aware of your devotion.
You visited 1 branch of the dungeon, and saw 7 of its levels.

You collected 239 gold pieces.

Inventory:

Hand Weapons
 e - a +4 quarterstaff of chaos
 r - the +6 trident "Suzib" (weapon) {pain, *Rage rC+ rCorr Int+2}
   (You found it on level 5 of the Dungeon)

   In the hands of one skilled in necromantic magic, it inflicts extra damage on
   living creatures.
   Int:       It affects your intelligence (+2).
   rC:        It protects you from cold.
   *Rage:     It may make you go berserk in combat.
   rCorr:     It protects you from acid and corrosion.
Missiles
 c - 15 poisoned darts (quivered)
Armour
 a - a +0 robe (worn)
 f - a +0 pair of boots (worn)
 u - a +0 cloak (worn)
Jewellery
 A - an amulet of the acrobat (around neck)
Wands
 d - a wand of flame (5)
 t - a wand of digging (6)
Scrolls
 b - a scroll of brand weapon
 j - a scroll of enchant armour {unknown}
 k - 2 scrolls of amnesia
 l - 2 scrolls of fear {unknown}
 o - a scroll of noise {unknown}
 q - a scroll of immolation {unknown}
 v - 2 scrolls of fog {unknown}
Potions
 h - a potion of magic
 i - a potion of cancellation {unknown}
 m - a potion of flight {unknown}
 p - a potion of degeneration {unknown}
 s - a potion of brilliance {unknown}
 w - a potion of lignification {unknown}
 x - a potion of attraction {unknown}


   Skills:
 - Level 5.0 Dodging
 - Level 3.0 Stealth
 - Level 3.0 Spellcasting
 + Level 6.7 Conjurations
 + Level 6.7 Fire Magic
 + Level 3.4 Invocations
 - Level 3.0 Evocations


You had 5 spell levels left.
You knew the following spells:

 Your Spells              Type           Power      Damage    Failure   Level
c - Conjure Flame         Conj/Fire      37%        6-21      1%          3
t - Sticky Flame          Conj/Fire      37%        2d6       6%          4
x - Foxfire               Conj/Fire      100%       2x1d9     1%          1

Your spell library contained the following spells:

 Spells                   Type           Power      Damage    Failure   Level
 Dazzling Flash           Conj/Hex       40%        N/A       8%          3
 Inner Flame              Hex/Fire       20%        N/A       8%          3
 Corona                   Hex            3%         N/A       10%         1
 Ensorcelled Hibernation  Hex/Ice        6%         N/A       16%         2
 Fireball                 Conj/Fire      18%        3d9       19%         5
 Confusing Touch          Hex            3%         N/A       30%         3
 Tukima's Dance           Hex            3%         N/A       30%         3


Dungeon Overview and Level Annotations

Branches:
Dungeon (7/15)             Temple (0/1) D:6

Altars:
Elyvilon
Okawaru
Sif Muna
Uskayaw
Yredelemnul
Zin

Annotations:
D:3 exclusions: orc and orc priest
D:6 1 runed translucent door
D:7 exclusion: lava snake


Message History

A kobold comes into view.
It is wielding a +0 short sword and quivering poisoned darts.
The kobold brigand throws a poisoned dart.
The poisoned dart barely misses you.
Your magical contamination has completely faded away.
A kobold comes into view. It is wielding a +0 whip.
Your surroundings suddenly seem different.
A cyclops comes into view.
The cyclops shouts!
Found 10 gold pieces and a potion of curing.
Okay, then.
Okay, then.
Okay, then.
Unknown command.
You feel better.
Casting: Sticky Flame (quite dangerous; 6% risk of failure)
Confirm with . or Enter, or press ? or * to list all spells.
The spell is quite dangerous to cast (6% risk of failure)!
Continue anyway?
Aiming: Sticky Flame (quite dangerous; 6% risk of failure)
Press: ? - help, Shift-Dir - straight line, f - cyclops
Aim: a cyclops, quivering large rocks (100% to hit)
The sticky flame hits the cyclops.
The cyclops is lightly wounded.
The cyclops is covered in liquid flames!
The cyclops burns!
The cyclops barely misses you.
You hit the cyclops.
The cyclops is lightly wounded.
The cyclops burns! x2; The cyclops barely misses you.
You hit the cyclops.
The cyclops is heavily wounded.
The cyclops burns!
The cyclops hits you!
You hit the cyclops.
The cyclops is heavily wounded.
The cyclops burns!
The cyclops closely misses you.
You puncture the cyclops!
The cyclops is severely wounded.
The cyclops burns!
The cyclops stops burning.
An ufetubus comes into view.
The cyclops hits you!!
Ouch! That really hurt!
You die...

.
..#######
#......#
#......#
#5....@#
.......C#
##$.....+
#......#
#.......
#.......
#.......
#.....!.#


You could see a cyclops and an ufetubus (wandering).

Vanquished Creatures
  A water moccasin (D:5)
  An ice beast (D:5)
  A necrophage (D:6)
  2 sky beasts
  A phantom (D:5)
  3 scorpions
  A water moccasin skeleton (D:6)
  3 killer bees (D:4)
  A bullfrog zombie (D:6)
  A jelly (D:5)
  Crazy Yiuf (D:5)
  Jessica (D:3)
  Natasha (D:3)
  Terence (D:2)
  2 iguanas (D:4)
  An orc wizard (D:7)
  A killer bee zombie (D:6)
  5 adders
  A worm (D:4)
  2 dart slugs (D:1)
  8 orcs
  7 endoplasms
  3 giant cockroaches
  3 goblins
  4 hobgoblins
  9 jackals
  A quokka (D:2)
  3 ball pythons
  7 bats
  3 frilled lizards
  8 kobolds
  A kobold zombie (D:6)
  A rat (D:3)
89 creatures vanquished.

Vanquished Creatures (others)
  289 foxfires
289 creatures vanquished.

Grand Total: 378 creatures vanquished

Notes
Turn   | Place    | Note
-------+----------+-------------------------------------------
     0 | D:1      | ipx the Deep Elf Fire Elementalist began the quest for the
                  | Orb.
     0 | D:1      | Reached XP level 1. HP: 10/10 MP: 6/6
   102 | D:1      | Reached XP level 2. HP: 15/15 MP: 5/8
   331 | D:2      | Noticed Terence
   409 | D:2      | Reached XP level 3. HP: 19/19 MP: 4/9
   413 | D:2      | Learned a level 3 spell: Conjure Flame
   464 | D:2      | Found a faded altar of an unknown god.
   653 | D:3      | Found a white marble altar of Elyvilon.
   751 | D:2      | Killed Terence
   752 | D:2      | Reached XP level 4. HP: 24/24 MP: 1/10
   832 | D:3      | Noticed Natasha
   893 | D:3      | Found a shimmering blue altar of Sif Muna.
   899 | D:3      | Became a worshipper of Sif Muna the Loreminder
   917 | D:3      | Noticed Jessica
   923 | D:3      | Killed Jessica
   939 | D:3      | Killed Natasha
   940 | D:3      | Reached XP level 5. HP: 22/28 MP: 3/11
  1034 | D:4      | Found an iron altar of Okawaru.
  1148 | D:4      | Learned a level 4 spell: Sticky Flame
  1155 | D:4      | Reached skill level 5 in Fire Magic
  1155 | D:4      | Reached XP level 6. HP: 23/32 MP: 6/12
  1258 | D:5      | Entered Level 5 of the Dungeon
  1258 | D:5      | Noticed a sky beast
  1267 | D:5      | Killed a sky beast
  1268 | D:5      | Reached skill level 5 in Conjurations
  1273 | D:5      | Noticed an ice beast
  1304 | D:5      | Noticed a water moccasin
  1326 | D:5      | Killed a water moccasin
  1327 | D:5      | Reached XP level 7. HP: 12/36 MP: 0/13
  1400 | D:5      | Found a runed translucent door.
  1401 | D:5      | Noticed Crazy Yiuf
  1414 | D:5      | Killed Crazy Yiuf
  1414 | D:5      | Reached * piety under Sif Muna
  1549 | D:4      | Reached skill level 1 in Evocations
  1551 | D:4      | Reached skill level 1 in Invocations
  1566 | D:4      | Found a hide-covered altar of Uskayaw.
  1643 | D:5      | Reached skill level 5 in Dodging
  1687 | D:5      | Identified the +6 trident "Suzib" {pain, *Rage rC+ rCorr
                  | Int+2}
  1716 | D:5      | Found a runed translucent door.
  1916 | D:6      | Reached XP level 8. HP: 40/41 MP: 5/14
  1919 | D:6      | Found a runed translucent door.
  1927 | D:6      | Found a basalt altar of Yredelemnul.
  1967 | D:6      | Found a glowing silver altar of Zin.
  2192 | D:6      | Found a staircase to the Ecumenical Temple.
  2281 | D:7      | Noticed a cyclops
  2287 | D:7      | Demolished by a cyclops

Illustrated notes

Levels and vault maps discovered:
D:1:      evilmike_arrival_plus, layout_basic
D:2:      layout_rooms, hellmonk_ecumenical_altar_arch_garden, uniq_terence
D:3:      layout_loops_ring, nicolae_elyvilon_peaceful_grove, lemuel_tele_altar,
          uniq_natasha, uniq_jessica
D:4:      layout_cave_pools, lemuel_crystal_altar, nicolae_uskayaw_suspiria,
          kennysheep_small_square
D:5:      layout_cave_pools, glass_columns_a, lightli_church_of_beogh,
          uniq_crazy_yiuf_cottage
D:6:      layout_loops_corners, nicolae_gozag_cash_rules_everything_around_me,
          dk_yredelemnul_ordeal, gammafunk_temple_overflow_elements,
          grunt_temple_overflow_open, minmay_temple_entry_statues_fountains,
          kennysheep_generic_room_2
D:7:      layout_gridville, serial_shops, shop_fountains, shop,
          nicolae_take_the_stairs, gammafunk_ghost_icy, grunt_decor_junction

Skill      XL: |  1  2  3  4  5  6  7  8 |
---------------+-------------------------+-----
Conjurations   | 2 3 4 5 6 |  6.7
Stealth        | 3 |  3.0
Fire Magic     | 4 5 6 |  6.7
Dodging        | 3 4 5 |  5.0
Evocations     | 2 3 |  3.0
Invocations    | 2 3 |  3.4
Spellcasting   | |  3.0

Action                   |  1- 3 |  4- 6 |  7- 9 || total
-------------------------+-------+-------+-------++-------
Melee: Trident           |       |       |     6 ||     6
Throw: Dart              |     2 |       |     3 ||     5
 Cast: Foxfire           |    65 |    58 |    48 ||   171
       Sticky Flame      |       |       |     9 ||     9
       Conjure Flame     |       |       |     2 ||     2
Evoke: Wand              |       |       |     9 ||     9
  Use: Potion            |     2 |     1 |     1 ||     4
       Scroll            |     1 |     3 |     2 ||     6
Armor: Robe              |     2 |     2 |     2 ||     6
Dodge: Dodged            |     3 |    10 |    18 ||    31

Table legend: (Time is in decaauts)
 A = Elapsed time spent in this place.
 B = Non-inter-level travel time spent in this place.
 C = Inter-level travel time spent in this place.
 D = Time resting spent in this place.
 E = Time spent auto-exploring this place.
 F = Levels seen in this place.
 G = Mean time per level.
                   A        B        C        D        E       F      G
               +--------+--------+--------+--------+--------+-----+--------+
         Total |   2334 |   2287 |     47 |      0 |      0 |   7 |  333.4 |
       Dungeon |   2334 |   2287 |     47 |      0 |      0 |   7 |  333.4 |
               +--------+--------+--------+--------+--------+-----+--------+

Top non-repeatable levels by time:
     D:5: 501 daAuts
     D:6: 379 daAuts
     D:2: 365 daAuts
     D:1: 349 daAuts
     D:4: 341 daAuts
     D:3: 314 daAuts
     D:7: 82 daAuts
